 Dungeon Crawl Stone Soup version 0.17-a0-1103-ga40c899 (webtiles) character file.

128 Goodini51 the Shield-Bearer (level 4, -4/35 HPs)
             Began as a Vampire Fighter on May 21, 2015.
             Slain by elenap21's ghost (7 damage)
             ... on level 3 of the Dungeon.
             The game lasted 00:08:10 (2028 turns).

Goodini51 the Shield-Bearer (Vampire Fighter)       Turns: 2028, Time: 00:08:10

Health: -4/35      AC:  7    Str: 16    XL:     4   Next: 87%
Magic:  4/4        EV:  8    Int: 15    God:
Gold:   141        SH:  9    Dex: 13    Spells: 0 memorised, 3 levels left

rFire  . . .     SeeInvis +     a - +0 war axe
rCold  . . .     Clarity  .     b - +0 scale mail
rNeg   . . .     SustAb   .     c - +0 shield
rPois  .         Gourm    .     (no helmet)
rElec  .         Spirit   .     g - +0 cloak
rCorr  .         Warding  .     (no gloves)
rMut   .         Stasis   .     (no boots)
MR     .....                    (no amulet)
Stlth  ..........               (no ring)
                                (no ring)

@: brilliant, regenerating quickly, not resistant to hostile enchantments,
extremely unstealthy
A: fangs 3, see invisible, unbreathing
a: no special abilities


You were on level 3 of the Dungeon.
You were very full.

You visited 1 branch of the dungeon, and saw 3 of its levels.

You collected 141 gold pieces.

Inventory:

Hand weapons
 a - a +0 war axe (weapon)
Missiles
 j - 4 javelins (quivered)
Armour
 b - a +0 scale mail (worn)
 c - a +0 shield (worn)
 g - a +0 cloak (worn)
Magical devices
 m - a wand of digging (16)
Scrolls
 f - 2 scrolls of remove curse {unknown}
 i - a scroll of fog {unknown}
 k - 2 scrolls of identify {unknown}
 n - a scroll of random uselessness {unknown}
Potions
 d - 2 potions of might
 e - a potion of blood
 h - a potion of brilliance
 o - a potion of degeneration {unknown}
 p - a potion of magic {unknown}


   Skills:
 + Level 3.3 Fighting
 + Level 2.5 Axes
 + Level 2.8 Armour
 + Level 2.1 Dodging
 + Level 3.4 Shields


You had 3 spell levels left.
You didn't know any spells.

Dungeon Overview and Level Annotations

Branches:
Dungeon (3/15)

Altars:

Annotations:
D:3 Grinder; Sigmund; elenap21's ghost, average DrTm


Innate Abilities, Weirdness & Mutations

Your natural rate of healing is unusually fast.
You have razor-sharp teeth.
You have supernaturally acute eyesight.
You can survive without breathing.


Message History

* * * LOW HITPOINT WARNING * * *
Sigmund closely misses you.
A giant cockroach comes into view.
Grinder closely misses you. As you open the door, it creaks loudly!
You hear a shout!
You hear a shout!
You hear a shout! x5
Grinder hits you but does no damage. You block the giant cockroach's attack.
There is an open door here.
Elenap21's ghost (average Draconian Transmuter) comes into view.
Found 6 gold pieces.
A goblin comes into view. 5 goblins come into view.
The goblin shouts! x5
You block the goblin's attack.
The goblin moves out of view.
The goblin hits you but does no damage.
Found a meat ration.
A goblin and an ogre come into view.
The goblin completely misses you. Elenap21's ghost hits you!
You die...

#...........#
####.##.#####..
... #........
#### #.######.
#### ##@##
#%gg####5..##
#.ggO.#.....##
#ggs.....#
#.@.......#
.....'..W......+
..####.........#
##.......##
##.....##
##..$## #'## .#


You could see Grinder, Sigmund, an ogre, elenap21's ghost, a giant cockroach and
5 goblins.

Vanquished Creatures
  3 adders
  3 gnolls (D:2)
  An ooze (D:1)
  A worm (D:2)
  An orc (D:2)
  6 goblins
  9 hobgoblins
  9 kobolds
  2 quokkas (D:2)
  5 bats
  7 giant cockroaches
  3 giant geckos
  3 giant newts (D:2)
  8 rats
61 creatures vanquished.

Notes
Turn   | Place    | Note
--------------------------------------------------------------
     0 | D:1      | Goodini51 the Vampire Fighter began the quest for the Orb.
     0 | D:1      | Reached XP level 1. HP: 17/17 MP: 1/1
    75 | D:1      | Reached XP level 2. HP: 13/23 MP: 2/2
   347 | D:1      | Reached skill level 3 in Fighting
   826 | D:1      | Reached XP level 3. HP: 20/29 MP: 3/3
  1229 | D:2      | Reached skill level 1 in Dodging
  1488 | D:2      | Reached XP level 4. HP: 32/35 MP: 4/4
  2003 | D:3      | Noticed Grinder
  2013 | D:3      | Noticed Sigmund
  2018 | D:3      | HP: 1/35 [Grinder (6)]
  2025 | D:3      | Noticed elenap21's ghost (average DrTm)
  2028 | D:3      | Noticed an ogre
  2028 | D:3      | Slain by elenap21's ghost

Vault maps used:
D:1:      dpeg_arrival_three_bigger_balls
D:2:      minmay_door_path, minmay_misc_feat_encased
D:3:      grunt_temple_overflow_gold_and_silver, minmay_ogre_servants,
          uniq_grinder, uniq_sigmund

Action                   |  1- 3 |  4- 6 || total
-------------------------+-------+-------++-------
Melee: War axe           |   149 |    60 ||   209
Throw: Javelin           |     1 |     4 ||     5
  Use: Potion            |       |     2 ||     2
  Eat: Corpse            |    14 |     3 ||    17
